 Dungeon Crawl Stone Soup version 0.25-a0-404-gc1b5a34292 (webtiles) character file.

Game seed: 16691622510365136896, levelgen mode: deterministic

64 Ge0ff the Ruffian (level 4, 0/32 HPs)
             Began as a Formicid Transmuter on Jan 12, 2020.
             Succumbed to an adder's poison
             ... on level 2 of the Dungeon.
             The game lasted 00:08:22 (1869 turns).

Ge0ff the Ruffian (Formicid Transmuter)             Turns: 1869, Time: 00:08:23

Health: 0/32       AC:  2    Str: 15    XL:     4   Next: 32%
Magic:  3/7        EV: 19    Int: 13    God:
Gold:   83         SH:  0    Dex: 16    Spells: 1/7 levels left

rFire    . . .     SeeInvis .     - Unarmed
rCold    . . .     Gourm    .   (shield currently unavailable)
rNeg     . . .     Faith    .   (armour currently unavailable)
rPois    x         Spirit   .   (helmet unavailable)
rElec    .         Reflect  .   (cloak currently unavailable)
rCorr    .         Harm     .   (gloves currently unavailable)
MR       .....                  (boots currently unavailable)
Stlth    ++........             (no amulet)
HPRegen  0.10/turn              (no ring)
MPRegen  0.10/turn              (no ring)

@: lethally poisoned (0 -> -4), spider-form (expiring)
A: tiny, permanent stasis, dig shafts and tunnels, four strong arms
a: End Transformation


You were on level 2 of the Dungeon.
You were not hungry.
You were a venomous arachnid creature.
You visited 1 branch of the dungeon, and saw 2 of its levels.

You collected 83 gold pieces.

Inventory:

Hand Weapons
 z - a +0 hunting sling
Missiles
 a - 61 arrows
 u - 64 stones (quivered)
 y - 19 poisoned darts
Armour
 b - a +0 robe (melded)
 x - a +0 buckler
 A - a cursed +0 robe
Scrolls
 i - a scroll of identify
 T - 4 scrolls of teleportation
Comestibles
 r - 2 rations
 v - 3 chunks of flesh


   Skills:
 + Level 1.5 Fighting
 + Level 1.9 Dodging
 + Level 2.6 Stealth
 * Level 3.3 Unarmed Combat
 + Level 2.3 Spellcasting
 - Level 3.0 Transmutations
 * Level 1.1 Poison Magic


You had one spell level left.
You knew the following spells:

 Your Spells              Type           Power        Failure   Level  Hunger
b - Spider Form           Tmut/Pois      #.........   54%         3    ####...
s - Beastly Appendage     Tmut           #.....       21%         1    ##.....
S - Sticks to Snakes      Tmut           #.......     26%         2    ###....

Your spell library contained the following spells:

 Spells                   Type           Power        Failure   Level  Hunger
 Ice Form                 Ice/Tmut       #.......     92%         4    #####..
 Blade Hands              Tmut           #.........   97%         5    ######.


Dungeon Overview and Level Annotations

Branches:
Dungeon (2/15)

Altars:


Innate Abilities, Weirdness & Mutations

You cannot be hasted, slowed, berserked, paralysed or teleported.
You can dig through walls and to a lower floor.
Your four strong arms can wield two-handed weapons with a shield.
((You have a pair of large antennae on your head. (SInv)))


Message History

You feel sick.
The hobgoblin drinks a potion.
The hobgoblin suddenly seems more agile.
Casting: Spider Form (safe; 32% risk of failure)
Confirm with . or Enter, or press ? or * to list all spells.
You turn into a venomous arachnid creature.
Your +0 robe melds into your body.
* * * LOW HITPOINT WARNING * * *
You feel sick.
Found a leatherbound book.
* * * LOW HITPOINT WARNING * * *
You feel sick. The hobgoblin hits you.
* * * LOW HITPOINT WARNING * * *
Some of the chunks of flesh in your inventory have rotted away.
* * * LOW HITPOINT WARNING * * *
You feel sick.
You bite the hobgoblin!
You kill the hobgoblin!
Your transformation is almost over.
You die...

.#.# ...# ## ...# .#
.#.# .# ### .#.##.#...
###### .#....#.##
##....#### .........#
#:........ .##รท..#..# #
#.....####
.##...#..#.####.s......#
.##...#.............##.#
.##...#.##.###)######
....g...##.# #.#
########...# #.####### #
#.#####........ #
#.........##### .
#.....###.# . #.....# .#


There were no monsters in sight!

Vanquished Creatures
  An adder (D:2)
  A worm (D:2)
  4 dart slugs
  2 leopard geckos (D:1)
  A giant cockroach (D:2)
  5 goblins
  7 hobgoblins
  2 jackals (D:1)
  6 kobolds
  2 ball pythons (D:1)
  5 bats
  A frilled lizard (D:2)
  4 rats (D:1)
  2 plants (D:1)
43 creatures vanquished.

Notes
Turn   | Place    | Note
-------+----------+-------------------------------------------
     0 | D:1      | Ge0ff the Formicid Transmuter began the quest for the Orb.
     0 | D:1      | Reached XP level 1. HP: 15/15 MP: 3/3
   231 | D:1      | Reached skill level 1 in Stealth
   239 | D:1      | Reached XP level 2. HP: 13/21 MP: 3/5
   249 | D:1      | Learned a level 2 spell: Sticks to Snakes
   733 | D:1      | Reached XP level 3. HP: 11/26 MP: 4/6
  1082 | D:1      | Learned a level 3 spell: Spider Form
  1791 | D:2      | Reached XP level 4. HP: 25/32 MP: 7/7
  1850 | D:2      | Reached skill level 1 in Poison Magic
  1866 | D:2      | HP: 1/32 [poisoned by an adder]
  1869 | D:2      | Succumbed to an adder's poison

Levels and vault maps discovered:
D:1:      roderic_crop_circles_arrival_small, layout_loops_ring, st_stairs_5,
          minivault_26, nrook_campfire, grunt_decor_one_mirror,
          kennysheep_minor_cross, minmay_shallow_snake_nest
D:2:      layout_basic, serial_park_tiny_1, uniq_sigmund

Skill      XL: |  1  2  3  4 |
---------------+-------------+-----
Stealth        | 1 2 |  2.6
Transmutations | 3 |  3.0
Poison Magic   | 1 |  1.1
Fighting       | |  1.5
Dodging        | |  1.9
Unarmed Combat | |  3.3
Spellcasting   | |  2.3

Action                   |  1- 3 |  4- 6 || total
-------------------------+-------+-------++-------
Melee: Unarmed           |   149 |    15 ||   164
       Kick              |    15 |       ||    15
       Punch             |     1 |       ||     1
Throw: Stone             |    38 |     1 ||    39
 Cast: Beastly Appendage |    20 |       ||    20
       Spider Form       |     2 |     2 ||     4
  Use: Scroll            |       |     2 ||     2
       Potion            |       |     1 ||     1
  Eat: Chunk             |     4 |       ||     4
Armor: Robe              |     8 |       ||     8
Dodge: Dodged            |    55 |    12 ||    67

Table legend:
 A = Non-vault XP
 B = Vault XP
 C = Vault XP percentage of total XP
 D = Non-vault monster count
 E = Vault monster count
 F = Vault count percentage of total count
                 A         B        C        D         E       F
            +---------+---------+-------+---------+---------+-------
      Total |      86 |       6 |   6.5 |      37 |       4 |   9.8
            +---------+---------+-------+---------+---------+-------
        D:1 |      46 |       6 |  11.5 |      24 |       4 |  14.3
        D:2 |      40 |       0 |   0.0 |      13 |       0 |   0.0
            +---------+---------+-------+---------+---------+-------
